 Dungeon Crawl Stone Soup version 0.31.0-9-g3a7656b989 (webtiles) character file.

Game seed: 7162647606518160902

406 qw the Shooter (level 6, 0/30 HPs)
             Began as a Spriggan Hunter on Feb 2, 2024.
             Slain by a gnoll
             ... wielding a +0 spear
              (4 damage)
             ... on level 5 of the Dungeon.
             The game lasted 00:00:15 (3777 turns).

qw the Shooter (Spriggan Hunter)                    Turns: 3777, Time: 00:00:15

Health: 0/30       AC:  2    Str:  7    XL:     6   Next: 56%
Magic:  7/7        EV: 21    Int: 10    God:
Gold:   150        SH:  0    Dex: 21    Spells: 5/5 levels left

rFire   . . .        a - +0 shortbow
rCold   . . .        (shield currently unavailable)
rNeg    . . .        c - +0 robe
rPois   .            (helmet restricted)
rElec   .            (no cloak)
rCorr   .            (gloves unavailable)
SInv    +            (boots unavailable)
Will    +....        (no amulet)
Stlth   ++           (no ring)
HPRegen 0.25/turn    (no ring)
MPRegen 0.10/turn

%: no passive effects
@: about to teleport, very quick
A: very small, no large weapons, unfitting armour, see invisible, speed 3
a: no special abilities


You were on level 5 of the Dungeon.
You visited 1 branch of the dungeon, and saw 5 of its levels.

You collected 150 gold pieces.


Innate Abilities, Weirdness & Mutations

You are very small and have problems with some larger weapons.
You are too small for most types of armour.
You have supernaturally acute eyesight. (SInv)
You cover ground extremely quickly. (Speed+++)


   Skills:
 - Level 2.0 Fighting
 + Level 6.6 Ranged Weapons
 - Level 6.0 Dodging
 - Level 1.5 Stealth


You had 5 spell levels left.
You didn't know any spells.
Your spell library was empty.

Inventory:

Hand Weapons
 a - a +0 shortbow (weapon)
Armour
 c - a +0 robe (worn)
Wands
 e - a wand of digging (5)
Scrolls
 f - 3 scrolls of teleportation
Potions
 d - a potion of heal wounds
 h - 2 potions of enlightenment

Dungeon Overview and Level Annotations

Branches:
Dungeon (5/15)
 Temple: D:4-7

Altars:


Message History

The arrow closely misses the orc priest.
The orc priest shouts!
The orc shouts!
The orc priest mumbles some strange prayers to Beogh against you.
Beogh smites you!
You shoot an arrow.
The arrow closely misses the orc priest.
You shoot an arrow.
The arrow hits the orc priest but does no damage.
A gnoll comes into view. It is wielding a +0 spear.
You shoot an arrow. The gnoll shouts!
The arrow hits the orc priest.
The orc priest is moderately wounded.
The orc priest mumbles some strange prayers to Beogh against you.
Beogh smites you!
A scorpion comes into view.
3772 ||| RETREEEEATING.
The orc priest completely misses you.
You shoot an arrow. The arrow hits the orc priest.
The orc priest is heavily wounded.
The orc priest barely misses you.
You shoot an arrow. The arrow hits the orc priest.
The orc priest is heavily wounded.
The orc priest misses you.
You shoot an arrow.
The arrow closely misses the orc priest.
The orc completely misses you.
You shoot an arrow. The arrow hits the orc priest.
The orc priest is almost dead.
A gnoll comes into view. It is wielding a +0 whip.
The gnoll hits you from afar with a +0 spear.
The orc priest looks braver for a moment.
The orc completely misses you.
The orc priest calls upon Beogh to heal the orc priest.
The orc priest is healed somewhat.
3777 ||| READING 4 scrolls of teleportation.
As you read the scroll of teleportation, it crumbles to dust.
You feel strangely unstable.
The gnoll hits you from afar with a +0 spear.
You die...

### #.. # #.#########.#
####### #............
#..<..###.##<........
##...........oo.#.#..
.............##@........
....#...#.....##.#o##.#.#
.##.....####..##g#)# #
##....# #.)##o#.# #....#
#.))#.#.# #....#
##.)#g..# #.... .......s
#.### .#


You could see 2 orc priests, 2 gnolls and 2 orcs.

Vanquished Creatures
  A phantom (D:4)
  A jelly (D:4)
  An iguana (D:4)
  9 gnolls
  6 adders
  A white imp (D:3)
  2 adder zombies (D:3)
  3 dart slugs
  A ribbon worm (D:3)
  9 orcs
  11 ball pythons
  6 bats
  4 endoplasms
  3 giant cockroaches
  10 goblins
  9 hobgoblins
  3 jackals (D:3)
  8 kobolds
  8 quokkas
  4 frilled lizards
  A quokka skeleton (D:3)
  7 rats
108 creatures vanquished.

Notes
Turn   | Place    | Note
-------+----------+-------------------------------------------
     0 | D:1      | qw the Spriggan Hunter began the quest for the Orb.
     0 | D:1      | Reached XP level 1. HP: 10/10 MP: 2/2
     0 | D:1      | 0 ||| qw: Version: 0.3-a-155-g5e7d8dd
     0 | D:1      | 0 ||| qw: Game counter: 1268
     0 | D:1      | 0 ||| qw: Melee chars always use a shield: true
     0 | D:1      | 0 ||| qw: God list: Okawaru
     0 | D:1      | 0 ||| qw: Allow faded altars: false
     0 | D:1      | 0 ||| qw: Do Orc after clearing Dungeon:15 true
     0 | D:1      | 0 ||| qw: Do second Lair branch before Depths: true
     0 | D:1      | 0 ||| qw: Lair rune preference: random
     0 | D:1      | 0 ||| qw: Goals: Normal
     0 | D:1      | 0 ||| PLANNING D:1-11
    75 | D:1      | Reached skill level 3 in Dodging
   223 | D:1      | Reached XP level 2. HP: 14/14 MP: 3/3
   496 | D:1      | Reached XP level 3. HP: 13/18 MP: 4/4
   595 | D:1      | Found a faded altar of an unknown god.
   735 | D:1      | 735 ||| READING scroll labelled NUEDDI IRUNWU.
   736 | D:1      | 736 ||| DROPPING scroll of butterflies.
   893 | D:2      | 893 ||| RETREEEEATING.
   902 | D:2      | Reached XP level 4. HP: 18/22 MP: 5/5
  1610 | D:2      | 1610 ||| DROPPING ring of wizardry.
  1611 | D:2      | 1611 ||| READING 2 scrolls labelled JISMAMN VELE.
  1611 | D:2      | 1611 ||| IDENTIFYING lumpy blue potion
  1612 | D:2      | 1612 ||| READING scroll of identify.
  1612 | D:2      | 1612 ||| IDENTIFYING brown potion
  1613 | D:2      | 1613 ||| READING 3 scrolls labelled SUIDUA VEGRO.
  1614 | D:2      | 1614 ||| READING scroll labelled RIFUDU OTAV.
  1615 | D:2      | 1615 ||| DROPPING potion of berserk rage.
  1616 | D:2      | 1616 ||| DROPPING 2 scrolls of amnesia.
  1618 | D:2      | 1618 ||| Stepping ~*~*~tactically~*~*~ (cloud).
  1624 | D:2      | HP: 5/23 [poisoned by you (poison gas)]
  1759 | D:3      | 1759 ||| STAIRDANCE
  1965 | D:3      | Reached XP level 5. HP: 26/26 MP: 6/6
  2525 | D:3      | 2525 ||| READING 2 scrolls of identify.
  2525 | D:3      | 2525 ||| IDENTIFYING lumpy dark potion
  2526 | D:3      | 2526 ||| READING scroll of identify.
  2526 | D:3      | 2526 ||| IDENTIFYING fizzy amethyst potion
  2527 | D:3      | 2527 ||| DRINKING 2 puce potions.
  2528 | D:3      | 2528 ||| DRINKING 3 murky brown potions.
  2529 | D:3      | 2529 ||| DROPPING potion of brilliance.
  2530 | D:3      | 2530 ||| DROPPING potion of magic.
  2531 | D:3      | 2531 ||| DROPPING potion of ambrosia.
  2810 | D:4      | Reached skill level 6 in Ranged Weapons
  2819 | D:4      | 2819 ||| FLEEEEING.
  2820 | D:4      | 2820 ||| FLEEEEING.
  2821 | D:4      | 2821 ||| FLEEEEING.
  2822 | D:4      | 2822 ||| FLEEEEING.
  2823 | D:4      | 2823 ||| FLEEEEING.
  3153 | D:4      | Reached XP level 6. HP: 30/30 MP: 7/7
  3318 | D:4      | Reached skill level 6 in Dodging
  3708 | D:4      | 3708 ||| READING scroll of identify.
  3708 | D:4      | 3708 ||| IDENTIFYING 4 scrolls labelled YMNYIH VEELL
  3745 | D:5      | Entered Level 5 of the Dungeon
  3772 | D:5      | 3772 ||| RETREEEEATING.
  3776 | D:5      | HP: 4/30 [gnoll/+0 spear (6)]
  3777 | D:5      | 3777 ||| READING 4 scrolls of teleportation.
  3777 | D:5      | Slain by a gnoll

Levels and vault maps discovered:
D:1:      dpeg_arrival_chambers_temple_mockup, layout_basic,
          ebering_ecumenical_altar_mist, minmay_misc_feat_pillars,
          ebering_dispersal_statue_hall, chequers_serial_rivers_room_b
D:2:      layout_loops_corners
D:3:      layout_loops_ring, serial_undead, serial_undead_e, serial_undead_f,
          serial_undead_e, serial_undead_a, serial_undead_b, serial_undead_c,
          serial_undead_b, minmay_between
D:4:      layout_layer_cave
D:5:      layout_loops_ring, kennysheep_mini, minmay_temple_entry_nine_rooms,
          dk_noncrumbling_3

Skill      XL: |  1  2  3  4  5  6 |
---------------+-------------------+-----
Dodging        | 3 4 5 6 |  6.0
Ranged Weapons | 5 6 |  6.6
Fighting       | 2 |  2.0
Stealth        | |  1.5

Action                     |  1- 3 |  4- 6 || total
---------------------------+-------+-------++-------
   Fire: Shortbow          |    87 |   238 ||   325
    Use: Scroll            |     1 |     8 ||     9
         Potion            |       |     2 ||     2
 Armour: Robe              |    10 |    29 ||    39
  Dodge: Dodged            |    23 |    65 ||    88

Table legend:
 A = Non-vault XP
 B = Vault XP
 C = Vault XP percentage of total XP
 D = Non-vault monster count
 E = Vault monster count
 F = Vault count percentage of total count
                 A         B        C        D         E       F
            +---------+---------+-------+---------+---------+-------
      Total |     548 |      33 |   5.7 |     100 |       8 |   7.4
            +---------+---------+-------+---------+---------+-------
        D:1 |      47 |       0 |   0.0 |      29 |       0 |   0.0
        D:2 |     132 |       0 |   0.0 |      25 |       0 |   0.0
        D:3 |      48 |      33 |  40.7 |      22 |       8 |  26.7
        D:4 |     296 |       0 |   0.0 |      19 |       0 |   0.0
        D:5 |      25 |       0 |   0.0 |       5 |       0 |   0.0
            +---------+---------+-------+---------+---------+-------
